 Dungeon Crawl Stone Soup version 0.30.1 (webtiles) character file.

Game seed: 13127639343244288902

46 spardeous the Digger (level 3, -7/14 HPs)
             Began as a Felid Earth Elementalist on July 14, 2023.
             Mangled by a gnoll
             ... wielding a +0 spear
             ... led by a gnoll bouda
              (10 damage)
             ... on level 4 of the Dungeon.
             The game lasted 00:03:06 (948 turns).

spardeous the Digger (Felid Earth Elementalist)      Turns: 948, Time: 00:03:07

Health: -7/14      AC:  1    Str:  4    XL:     3   Next: 46%
Magic:  3/7        EV: 17    Int: 18    God:
Gold:   79         SH:  0    Dex: 16    Spells: 5/6 levels left
                                        Lives:  0   Deaths: 1

rFire   . . .        (weapon unavailable)
rCold   . . .        (shield unavailable)
rNeg    . . .        (body armour unavailable)
rPois   .            (helmet unavailable)
rElec   .            (cloak unavailable)
rCorr   .            (gloves unavailable)
SInv    +            (boots unavailable)
Will    .....        (no amulet)
Stlth   ++           (no ring)
HPRegen 0.22/turn    (no ring)
MPRegen 0.10/turn

%: no passive effects
@: weakened, very slightly contaminated, quick
A: very small, claws 1, fangs 3, see invisible, speed 1, shaggy fur 1, stealthy
paws, no weapons or thrown items, no armour, multi-lived
a: no special abilities


You were on level 4 of the Dungeon.
You visited 1 branch of the dungeon, and saw 4 of its levels.

You collected 79 gold pieces.

Inventory:

Scrolls
 c - a scroll of amnesia {unknown}
 d - a scroll of fear {unknown}
 e - a scroll of enchant armour {unknown}
Potions
 a - a potion of magic
 b - 2 potions of curing {unknown}
 f - 2 potions of resistance {unknown}


   Skills:
 - Level 2.6 Dodging
 - Level 2.6 Stealth
 - Level 2.0 Spellcasting
 - Level 1.1 Transmutations
 + Level 4.7 Earth Magic


You had 5 spell levels left.
You knew the following spells:

 Your Spells              Type           Power      Damage    Failure   Level
a - Sandblast             Erth           36%        2d10      2%          1

Your spell library contained the following spells:

 Spells                   Type           Power      Damage    Failure   Level
 Passwall                 Tmut/Erth      10%        N/A       9%          2
 Stone Arrow              Conj/Erth      20%        3d8       21%         3
 Petrify                  Tmut/Erth      12%        N/A       47%         4


Dungeon Overview and Level Annotations

Branches:
Dungeon (4/15)
 Temple: D:4-7

Altars:

Annotations:
D:3 Sigmund
D:4 2 runed translucent doors


Innate Abilities, Weirdness & Mutations

You have sharp claws.
You have razor-sharp teeth.
You have supernaturally acute eyesight. (SInv)
You cover ground quickly. (Speed+)
You are covered in fur. (AC +1)
Your paws help you pounce on unaware monsters.
You are incapable of wielding weapons or throwing items.
You cannot wear armour.
You gain extra lives every three experience levels.


Message History

You feel your attacks grow feeble.
Casting: Sandblast (safe; 2% risk of failure)
Confirm with . or Enter, or press ? or * to list all spells.
Aiming: Sandblast (safe; 2% risk of failure)
Press: ? - help, Shift-Dir - straight line, f - jackal
Aim: a jackal (77% to hit)
The blast of sand hits the jackal.
The jackal is severely wounded.
The jackal bites you.
* * * LOW HITPOINT WARNING * * *
The gnoll completely misses you.
Casting: Sandblast (safe; 2% risk of failure)
Confirm with . or Enter, or press ? or * to list all spells.
Aiming: Sandblast (safe; 2% risk of failure)
Press: ? - help, Shift-Dir - straight line, f/p - jackal
Aim: a jackal (severely wounded, 77% to hit)
You miscast Sandblast.
You are very lightly contaminated with residual magic.
Nothing appears to happen.
The jackal misses you. The gnoll barely misses you.
Unknown command.
Casting: Sandblast (safe; 2% risk of failure)
Confirm with . or Enter, or press ? or * to list all spells.
Aiming: Sandblast (safe; 2% risk of failure)
Press: ? - help, Shift-Dir - straight line, f/p - jackal
Aim: a jackal (severely wounded, 77% to hit)
The blast of sand hits the jackal but does no damage.
The jackal is severely wounded.
The jackal closely misses you. The gnoll misses you. The jackal misses you.
The gnoll barely misses you. The gnoll misses you. The jackal misses you.
Unknown command.
Casting: Sandblast (safe; 2% risk of failure)
Confirm with . or Enter, or press ? or * to list all spells.
Aiming: Sandblast (safe; 2% risk of failure)
Press: ? - help, Shift-Dir - straight line, f/p - jackal
Aim: a jackal (severely wounded, 77% to hit)
The blast of sand hits the jackal.
You kill the jackal!
The gnoll hits you from afar with a +0 spear!
Ouch! That really hurt!
You die...

#...[.#g......h.... $(.
#.....#...###..(... ...
#.....#..###.......
....
#.....#†..#........
..?.#.........#........
++###............. .
#..g.g..........
....#...†g..........
.......@..#.........
#...................
##.#.............##. #
##............#
.......#.##...
##.....#### .. ##...##
#####


You could see a gnoll bouda and 2 gnolls.

Vanquished Creatures
  A hound (D:2)
  2 gnolls (D:4)
  An adder (D:3)
  A worm (D:2)
  An orc (D:4)
  A bat zombie (D:3)
  An endoplasm (D:3)
  5 goblins
  A hobgoblin (D:2)
  3 jackals
  2 quokkas
  A ball python (D:1)
  2 bats
  5 kobolds
  A rat (D:2)
28 creatures vanquished.

Notes
Turn   | Place    | Note
-------+----------+-------------------------------------------
     0 | D:1      | spardeous the Felid Earth Elementalist began the quest for
                  | the Orb.
     0 | D:1      | Reached XP level 1. HP: 7/7 MP: 4/4
    42 | D:1      | Reached skill level 3 in Earth Magic
   161 | D:1      | Reached XP level 2. HP: 11/11 MP: 3/6
   264 | D:2      | Reached skill level 4 in Earth Magic
   264 | D:2      | Reached XP level 3. HP: 2/14 MP: 0/7
   447 | D:3      | Noticed Sigmund
   635 | D:4      | Reached XP level 4. HP: 18/18 MP: 5/8
   848 | D:3      | Killed from afar by Sigmund
   849 | D:3      | Reached XP level 3. HP: -6/14 MP: 7/7
   942 | D:4      | Found a runed translucent gate.
   943 | D:4      | Found a runed translucent gate.
   948 | D:4      | Mangled by a gnoll

Illustrated notes

Levels and vault maps discovered:
D:1:      lemuel_arrival_behind_the_door_small, layout_rooms, serial_shops, shop
D:2:      layout_rooms
D:3:      layout_loops_cross, kennysheep_vampire_church, minivault_24,
          kennysheep_cross_room, uniq_sigmund
D:4:      layout_cave_pools, yredelemnul_forgotten_temple_becter,
          serial_column_ruins, column_ruins_square_medium, column_ruins_grid_1,
          column_ruins_open_medium, column_ruins_columns_straight,
          column_ruins_open_medium_water, column_ruins_corridor_straight,
          gammafunk_ghost_necromancy

Skill      XL: |  1  2 |
---------------+-------+-----
Earth Magic    | 3 4 |  4.7
Dodging        | |  2.6
Stealth        | |  2.6
Spellcasting   | |  2.0
Transmutations | |  1.1

Action                     |  1- 3 |  4- 6 || total
---------------------------+-------+-------++-------
  Melee: Unarmed           |     1 |       ||     1
   Cast: Sandblast         |    46 |     3 ||    49
 Armour: Skin              |     3 |       ||     3
  Dodge: Dodged            |    47 |     2 ||    49
